 Dungeon Crawl Stone Soup version 0.27-a0-512-g57cc695410 (webtiles) character file.

Game seed: 11176281506500472480

171 kae the Chopper (level 5, -7/48 HPs)
             Began as a Hill Orc Fighter on Mar 3, 2021.
             Mangled by a wyvern (11 damage)
             ... on level 6 of the Dungeon.
             The game lasted 00:01:37 (3189 turns).

kae the Chopper (Hill Orc Fighter)                  Turns: 3189, Time: 00:01:38

Health: -7/48      AC: 11    Str: 22    XL:     5   Next: 51%
Magic:  5/5        EV:  4    Int:  8    God:
Gold:   239        SH:  9    Dex: 10    Spells: 4/4 levels left

rFire    . . .     SeeInvis .   a - +0 war axe
rCold    . . .     Faith    .   c - +0 kite shield
rNeg     . . .     Spirit   .   l - +0 plate armour
rPois    .         Reflect  .   (no helmet)
rElec    .         Harm     .   (no cloak)
rCorr    .         Rampage  .   (no gloves)
Will     .....                  (no boots)
Stlth    ..........             e - amulet of regeneration
HPRegen  1.16/turn              (no ring)
MPRegen  0.09/turn              (no ring)

@: no status effects
A: strong 1
a: no special abilities


You were on level 6 of the Dungeon.
You visited 1 branch of the dungeon, and saw 7 of its levels.

You collected 239 gold pieces.

Inventory:

Hand Weapons
 a - a +0 war axe (weapon)
Armour
 c - a +0 kite shield (worn)
 l - a +0 plate armour (worn)
Jewellery
 e - an amulet of regeneration (around neck)
 m - a +4 ring of protection
Scrolls
 b - 2 scrolls of fog
 f - 3 scrolls of teleportation
 g - a scroll of noise {unknown}
 j - a scroll of identify
 k - a scroll of fear {unknown}
 o - a scroll of torment {unknown}
 p - a scroll of random uselessness {unknown}
Potions
 d - a potion of might
 h - a potion of cancellation
 n - a potion of heal wounds {unknown}
 q - a potion of haste {unknown}


   Skills:
 + Level 5.0 Fighting
 * Level 6.2 Axes
 - Level 3.2 Armour
 - Level 3.2 Shields


You had 4 spell levels left.
You didn't know any spells.
Your spell library was empty.

Dungeon Overview and Level Annotations

Branches:
Dungeon (7/15)
 Temple: D:4-7

Altars:


Innate Abilities, Weirdness & Mutations

Your muscles are strong. (Str +2)


Message History

Found three items.
There is a stone staircase leading down here.
The wyvern bites you.
You climb downwards.
There is a stone staircase leading up here.
You hit the wyvern but do no damage.
The wyvern bites you but does no damage.
The wyvern bites you.
You hit the wyvern but do no damage. The wyvern bites you!
The wyvern bites you but does no damage.
You closely miss the wyvern.
The wyvern bites you but does no damage.
The wyvern barely misses you.
You slash the wyvern!
The wyvern is heavily wounded.
The wyvern bites you. You block the wyvern's attack. x2
You hit the wyvern but do no damage.
The wyvern is heavily wounded.
The wyvern bites you but does no damage.
The wyvern bites you!
You are too injured to fight recklessly!
You are too injured to fight recklessly!
You are too injured to fight recklessly!
You closely miss the wyvern.
The wyvern is heavily wounded.
The wyvern bites you. The wyvern bites you!
* * * LOW HITPOINT WARNING * * *
You closely miss the wyvern.
The wyvern is heavily wounded.
The wyvern bites you.
* * * LOW HITPOINT WARNING * * *
The wyvern bites you!
* * * LOW HITPOINT WARNING * * *
Your shield and plate armour prevent you from hitting the wyvern.
The wyvern is moderately wounded.
You block the wyvern's attack. x2
It was a potion of mutation.
You feel extremely strange.
You feel clumsy.
You feel agile.
You feel stronger. The wyvern barely misses you. The wyvern bites you!
You die...

#............
#....(........
#.............
#....>........
#............#
####.............
#....###.........
.##............#
#.....@#.###.
##...l........
......^.(.......
####............
#............
#..........##
#####.....##
#...(.#


You could see a wyvern.

Vanquished Creatures
  2 adders (D:3)
  2 gnolls (D:4)
  2 oozes
  An adder skeleton (D:7)
  3 worms
  6 dart slugs
  3 leopard geckos
  An orc (D:4)
  3 ball pythons
  3 giant cockroaches
  12 goblins
  7 hobgoblins
  18 jackals
  4 kobolds
  3 quokkas
  7 bats
  5 frilled lizards
  6 rats
88 creatures vanquished.

Vanquished Creatures (others)
  A plant (D:4)
1 creature vanquished.

Grand Total: 89 creatures vanquished

Notes
Turn   | Place    | Note
-------+----------+-------------------------------------------
     0 | D:1      | kae the Hill Orc Fighter began the quest for the Orb.
     0 | D:1      | Reached XP level 1. HP: 19/19 MP: 1/1
    17 | D:1      | Reached skill level 3 in Axes
   189 | D:1      | Reached XP level 2. HP: 27/27 MP: 2/2
   598 | D:1      | Reached skill level 4 in Axes
   603 | D:1      | Reached XP level 3. HP: 32/33 MP: 3/3
  1489 | D:2      | Reached XP level 4. HP: 41/41 MP: 4/4
  1870 | D:2      | Reached skill level 5 in Axes
  2589 | D:3      | Reached XP level 5. HP: 47/47 MP: 5/5
  2910 | D:4      | Reached skill level 5 in Fighting
  2910 | D:4      | Reached skill level 6 in Axes
  3075 | D:4      | You fall into a shaft and drop 3 floors!
  3178 | D:5      | Entered Level 5 of the Dungeon
  3178 | D:5      | Noticed a wyvern
  3187 | D:6      | HP: 1/48 [wyvern (8)]
  3189 | D:6      | Gained mutation: You are clumsy. (Dex -2) [potion of
                  | mutation]
  3189 | D:6      | Lost mutation: You are clumsy. (Dex -2) [potion of
                  | mutation]
  3189 | D:6      | Gained mutation: Your muscles are strong. (Str +2) [potion
                  | of mutation]
  3189 | D:6      | Mangled by a wyvern

Illustrated notes

Levels and vault maps discovered:
D:1:      saegor_arrival_simple_a, layout_basic
D:2:      layout_basic
D:3:      layout_loops_cross
D:4:      lemuel_castle_with_subvaults [lemuel_castle_interior_original],
          layout_cave_pools, minitemple
D:5:      layout_gridville, temple_pool_b, hangedman_glass_teeth,
          nzn_random_ring
D:6:      kennysheep_six_static_rooms, layout_basic, old_standard_altar,
          gammafunk_temple_overflow_statue
D:7:      layout_loops_ring

Skill      XL: |  1  2  3  4  5 |
---------------+----------------+-----
Axes           | 3 4 5 6 |  6.2
Fighting       | 4 5 |  5.0
Armour         | |  3.2
Shields        | |  3.2

Action                   |  1- 3 |  4- 6 || total
-------------------------+-------+-------++-------
Melee: War axe           |   102 |   160 ||   262
  Use: Scroll            |       |     4 ||     4
       Potion            |       |     1 ||     1
Armor: Scale mail        |    72 |     8 ||    80
       Plate armour      |       |   122 ||   122
Dodge: Dodged            |    25 |    32 ||    57
Block: Kite shield       |    54 |   105 ||   159

Table legend: (Time is in decaauts)
 A = Elapsed time spent in this place.
 B = Non-inter-level travel time spent in this place.
 C = Inter-level travel time spent in this place.
 D = Time resting spent in this place.
 E = Time spent auto-exploring this place.
 F = Levels seen in this place.
 G = Mean time per level.
                   A        B        C        D        E       F      G
               +--------+--------+--------+--------+--------+-----+--------+
         Total |   3320 |   3260 |     60 |      0 |   2601 |   7 |  474.3 |
       Dungeon |   3320 |   3260 |     60 |      0 |   2601 |   7 |  474.3 |
               +--------+--------+--------+--------+--------+-----+--------+

Top non-repeatable levels by time:
     D:1: 1234 daAuts
     D:2: 1060 daAuts
     D:3: 681 daAuts
     D:4: 225 daAuts
     D:7: 94 daAuts
     D:6: 22 daAuts
     D:5: 1 daAuts
